 Dungeon Crawl Stone Soup version 0.16.1-30-g34a7ffa (webtiles) character file.

287 CcS the Conjurer (level 6, 0/32 HPs)
             Began as a Tengu Air Elementalist on June 25, 2015.
             Was a Follower of Cheibriados.
             Slain by Sigmund
             ... wielding a +0 scythe
              (14 damage)
             ... on level 4 of the Dungeon.
             The game lasted 00:06:34 (3290 turns).

CcS the Conjurer (Tengu Air Elementalist)           Turns: 3290, Time: 00:06:34

Health: 0/32       AC:  3    Str: 11    XL:     6   Next: 30%
Magic:  10/12      EV: 12    Int: 19    God:    Cheibriados [*.....]
Gold:   125        SH:  0    Dex: 16    Spells: 2 memorised, 5 levels left

rFire  . . .     SeeInvis .     i - +0 short sword
rCold  . . .     Clarity  .     l - +0 leather armour
rNeg   . . .     SustAb   .     (no shield)
rPois  .         Gourm    .     (helmet restricted)
rElec  .         Spirit   .     (no cloak)
rCorr  .         Warding  .     (no gloves)
rMut   .         Stasis   .     (boots unavailable)
MR     .....                    (no amulet)
Stlth  ++........               (no ring)
                                (no ring)

@: very slow, not resistant to hostile enchantments, unstealthy
A: able to fly, beak, talons 3
a: Fly, Bend Time, Renounce Religion


You were on level 4 of the Dungeon.
You worshipped Cheibriados.
Cheibriados was aware of your devotion.
You were not hungry.

You visited 1 branch of the dungeon, and saw 4 of its levels.

You collected 125 gold pieces.

Inventory:

Hand weapons
 g - a +0 club
   (You took it off a kobold on level 1 of the Dungeon)
 i - a +0 short sword (weapon)
   (You found it on level 1 of the Dungeon)
 q - a +2 dagger of speed
   (You took it off a kobold on level 3 of the Dungeon)
Missiles
 r - a throwing net {=f, !d}
Armour
 a - a +0 robe
 l - a +0 leather armour (worn)
   (You found it on level 2 of the Dungeon)
 u - a +0 pair of gloves
   (You found it on level 4 of the Dungeon)
Jewellery
 s - an uncursed ring of protection from fire {unknown}
   (You found it on level 4 of the Dungeon)
Magical devices
 m - a wand of invisibility (3)
   (You found it on level 4 of the Dungeon)
Scrolls
 d - 2 scrolls of amnesia {unknown}
 f - 8 scrolls of identify {unknown}
 k - 2 scrolls of teleportation {unknown}
 n - 2 scrolls of fear {unknown}
 o - a scroll of remove curse {unknown}
 p - a scroll of magic mapping {unknown}
Potions
 e - 3 potions of curing {unknown}
 h - 2 potions of heal wounds
 j - a potion of cure mutation {unknown}
Books
 b - a book of Air
Comestibles
 c - 5 bread rations {@e1}
 t - 4 chunks of flesh {@w0}


   Skills:
 - Level 2.1 Dodging
 - Level 2.0 Stealth
 - Level 2.0 Spellcasting
 - Level 7.2 Conjurations
 + Level 5.4 Air Magic


You had 5 spell levels left.
You knew the following spells:

 Your Spells              Type           Power        Failure   Level  Hunger
a - Shock                 Conj/Air       ####         1%          1    #......
b - Static Discharge      Conj/Air       ####....     6%          3    ###....


Dungeon Overview and Level Annotations

Branches:
Dungeon (4/15)
 Temple: D:4-7

Altars:
Cheibriados
Nemelex Xobeh
Okawaru
Zin

Annotations:
D:4 Grinder, Sigmund


Innate Abilities, Weirdness & Mutations

You can fly.
You have a beak for a mouth.
You have claws for feet.


Message History

Found an iron altar of Okawaru.
You now have 125 gold pieces (gained 5).
An ogre comes into view. It is wielding a giant club.
The ogre shouts!
An ogre is nearby!
An ogre is nearby!
Aim: an ogre, wielding a giant club The zap hits the ogre. x2
You now have 10/11 mp.
Aim: an ogre, wielding a giant club (moderately wounded)
The zap hits the ogre.
You now have 9/11 mp.
Aim: an ogre, wielding a giant club (heavily wounded)
The zap hits the ogre.
You now have 8/11 mp.
Aim: an ogre, wielding a giant club (heavily wounded)
The zap hits the ogre.
You now have 7/11 mp.
The ogre is struck by lightning.
You kill the ogre!
Cheibriados thoroughly appreciates the change of pace.
Your Conjurations skill increases to level 7!
You have reached level 6!
Your experience leads to an increase in your attributes!
Your base attributes are Str 9, Int 16, Dex 14.
Increase (S)trength, (I)ntelligence, or (D)exterity?
You feel clever.
The lightning arcs!
You are struck by lightning.
The lightning grounds out.
You regained 3 hp, and now have 31/32 hp.
You now have 4/12 mp.
Things that are here:
a giant club; an ogre corpse You butcher the ogre corpse.
t - 4 chunks of flesh {@w0} You see here a giant club.
Found a stone staircase leading up.
An adder comes into view.
Health restored: 32 An adder is nearby!
An adder is nearby!
Aim: an adder (resting)
The zap hits the adder.
Aim: an adder (heavily wounded)
The zap hits the adder.
You now have 5/12 mp.
Aim: an adder (almost dead)
The zap misses the adder.
You now have 4/12 mp.
Aim: an adder (almost dead)
The zap hits the adder.
You kill the adder!
Cheibriados thoroughly appreciates the change of pace.
You now have 3/12 mp.
A kobold comes into view. It is wielding a dagger.
A kobold is nearby!
A kobold is nearby!
A kobold is nearby!
Aim: a kobold, wielding a dagger (resting)
The zap hits the kobold.
You kill the kobold!
Cheibriados thoroughly appreciates the change of pace.
You now have 2/12 mp.
Okay, then.
There is a stone staircase leading up here.
You see here a helmet.
u - a pair of gloves
Found a stone staircase leading down.
You regained 2 mp, and now have 6/12 mp.
You see here a buckler.
There is a stone staircase leading down here.
You see here a helmet.
There is a stone staircase leading up here.
A hound comes into view.
The hound barks!
The hound closely misses you.
You regained 4 mp, and now have 10/12 mp.
A hound is nearby!
Wield which item (- for none, * to show all)? (? for menu, Esc to quit)
Okay, then.
Wear which item? (? for menu, Esc to quit)
The hound bites you.
Keep equipping yourself? [Y]es or [N]o only, please.
Keep equipping yourself? [Y]es or [N]o only, please.
Keep equipping yourself? [Y]es or [N]o only, please.
Keep equipping yourself?
The hound bites you.
You start putting on your armour.
You continue putting on your pair of gloves.
The hound bites you.
You continue putting on your pair of gloves.
The hound bites you. The hound bites you but does no damage.
You continue putting on your pair of gloves.
Sigmund barely misses you. The hound bites you.
You continue putting on your pair of gloves.
The hound bites you but does no damage.
Sigmund hits you from afar with a scythe!
You die...

#..........# #..# ####
#.#.......####..##
###.#..####........#
.........##.####..##
###....#.##.# #.##
#..#.#.##.# #.# #
#......##.####.####..#
##......[<............#
#.......##.....@..)...#
#.......#######h####..#
#.........(....g@. .. .
#.#####.#######.### ..
##.## #.# #.. ##
#.#.####.# ### .
.###.....# #.#.######
##........#


You could see Sigmund, a hound and a hobgoblin.

Vanquished Creatures
  An ogre (D:4)
  A hound (D:4)
  4 gnolls (D:4)
  7 adders
  3 worms (D:2)
  A giant gecko (D:3)
  2 oozes (D:2)
  2 orcs (D:3)
  2 ball pythons (D:1)
  A giant cockroach (D:2)
  6 goblins
  6 hobgoblins
  4 jackals (D:2)
  12 kobolds
  A quokka (D:2)
  A bat (D:3)
  2 giant newts (D:1)
  3 rats
59 creatures vanquished.

Notes
Turn   | Place    | Note
--------------------------------------------------------------
     0 | D:1      | CcS, the Tengu Air Elementalist, began the quest for the Orb.
     0 | D:1      | Reached XP level 1. HP: 10/10 MP: 3/3
    52 | D:1      | Reached skill level 2 in Conjurations
   121 | D:1      | HP: 1/10 [goblin (3)]
   352 | D:1      | Reached XP level 2. HP: 12/15 MP: 0/5
   633 | D:1      | Reached skill level 3 in Conjurations
  1124 | D:2      | Reached XP level 3. HP: 16/19 MP: 1/7
  1197 | D:2      | Reached skill level 4 in Conjurations
  1620 | D:2      | Reached XP level 4. HP: 24/24 MP: 2/8
  1724 | D:2      | Reached skill level 5 in Air Magic
  1998 | D:2      | Found a glowing silver altar of Zin.
  2136 | D:3      | Found a sparkling altar of Nemelex Xobeh.
  2211 | D:3      | Found a snail-covered altar of Cheibriados.
  2275 | D:3      | Became a worshipper of Cheibriados the Contemplative
  2767 | D:4      | Noticed Grinder
  2769 | D:4      | Reached skill level 5 in Conjurations
  2769 | D:4      | Reached XP level 5. HP: 28/28 MP: 5/11
  2775 | D:4      | HP: 7/28 [gnoll/whip of pain (5)]
  2780 | D:4      | Acquired Cheibriados' first power
  3012 | D:4      | Learned a level 3 spell: Static Discharge
  3056 | D:4      | HP: 5/28 [hound (6)]
  3060 | D:4      | Reached skill level 6 in Conjurations
  3187 | D:4      | Found an iron altar of Okawaru.
  3200 | D:4      | Noticed an ogre
  3205 | D:4      | Killed an ogre
  3205 | D:4      | Reached skill level 7 in Conjurations
  3205 | D:4      | Reached XP level 6. HP: 32/32 MP: 4/12
  3289 | D:4      | Noticed Sigmund
  3290 | D:4      | Slain by Sigmund

Action                   |  1- 3 |  4- 6 || total
-------------------------+-------+-------++-------
Melee: Unarmed           |     4 |       ||     4
       Club              |     3 |       ||     3
       Short sword       |    22 |    36 ||    58
 Cast: Shock             |    60 |    71 ||   131
       Static Discharge  |       |     2 ||     2
  Use: Potion            |     1 |     3 ||     4
  Eat: Chunk             |     3 |     4 ||     7
       Meat ration       |       |     1 ||     1

Vault maps used:
D:1:      evilmike_arrival_crescent, hangedman_decor_riveting
D:2:      lemuel_doored_altar, serial_glass, glass_columns_c, glass_columns_b,
          hangedman_decor_growths, minmay_misc_feat_nine_boxes
D:3:      nemelex_xobeh_ov_fountains_minmay, old_standard_altar
D:4:      lemuel_upstairs_altar, okawaru_gym_becter, first_bread, uniq_sigmund,
          uniq_grinder

Table legend:
 A = Turns spent in this place as a percentage of turns spent in the entire game.
 B = Non-inter-level travel turns spent in this place as a percentage of non-inter-level travel turns spent in the entire game.
 C = Inter-level travel turns spent in this place as a percentage of turns spent in this place.
 D = Turns resting spent in this place as a percentage of non-inter-level travel turns spent in this place.
 E = Turns spent auto-exploring this place as a percentage of non-inter-level travel turns spent in this place.
 F = Non-inter-level travel turns spent in this place divided by the number of levels of this place that you've seen.
                   A       B       C       D       E      F
               +-------+-------+-------+-------+-------+----------------------
         Total | 100.0 | 100.0 |   0.7 |   4.0 |  11.8 | 212.8
       Dungeon | 100.0 | 100.0 |   0.7 |   4.0 |  11.8 | 212.8
               +-------+-------+-------+-------+-------+----------------------

Table legend:
 A = Kills in this place as a percentage of kills in entire the game.
 B = Kills by you in this place as a percentage of kills by you in the entire game.
 C = Kills by friends in this place as a percentage of kills by friends in the entire game.
 D = Other kills in this place as a percentage of other kills in the entire game.
 E = Experience gained in this place as a percentage of experience gained in the entire game.
 F = Experience gained in this place divided by the number of levels of this place that you have seen.
                   A       B       C       D       E      F
               +-------+-------+-------+-------+-------+----------------------
         Total | 100.0 | 100.0 |  -nan |  -nan | 100.0 | 102.5
       Dungeon | 100.0 | 100.0 |  -nan |  -nan | 100.0 | 102.5
               +-------+-------+-------+-------+-------+----------------------
